 Dungeon Crawl Stone Soup version 0.25.1-8-g42b30a86e7 (webtiles) character file.

Game seed: 12711122084655969479

54 krpopo the Skirmisher (level 3, 0/34 HPs)
             Began as a Minotaur Fighter on Dec 12, 2020.
             Slain by a gnoll
             ... wielding a +0 halberd
              (4 damage)
             ... on level 2 of the Dungeon.
             The game lasted 00:01:48 (876 turns).

krpopo the Skirmisher (Minotaur Fighter)             Turns: 876, Time: 00:01:49

Health: 0/34       AC:  6    Str: 20    XL:     3   Next: 66%
Magic:  2/2        EV:  7    Int:  5    God:
Gold:   86         SH:  9    Dex: 10    Spells: 2/2 levels left

rFire    + . .     SeeInvis .   a - +0 flail
rCold    + . .     Gourm    .   c - +0 kite shield
rNeg     . . .     Faith    .   b - +0 scale mail
rPois    +         Spirit   .   (helmet restricted)
rElec    +         Reflect  .   (no cloak)
rCorr    +         Harm     .   (no gloves)
MR       +....                  (no boots)
Stlth    ..........             k - amulet of magic regeneration
HPRegen  0.11/turn              h - ring of protection from magic
MPRegen  0.33/turn              (no ring)

@: resistant
A: retaliatory headbutt, horns 2
a: no special abilities


You were on level 2 of the Dungeon.
You were not hungry.

You visited 1 branch of the dungeon, and saw 2 of its levels.

You collected 86 gold pieces.

Inventory:

Hand Weapons
 a - a +0 flail (weapon)
 j - a +0 short sword
Missiles
 e - 71 stones (quivered)
 g - 16 bolts
Armour
 b - a +0 scale mail (worn)
 c - a +0 kite shield (worn)
Jewellery
 h - a ring of protection from magic (left hand)
 k - an amulet of magic regeneration (around neck)
Scrolls
 m - a scroll of remove curse {unknown}
 o - a scroll of amnesia {unknown}
 p - 2 scrolls of identify {unknown}
Potions
 d - a potion of might
 i - a potion of cancellation {unknown}
 l - 2 potions of lignification {unknown}
Comestibles
 f - 6 rations
 q - 5 chunks of flesh


   Skills:
 + Level 4.6 Fighting
 * Level 4.0 Maces & Flails
 - Level 3.6 Armour
 - Level 3.6 Shields


You had 2 spell levels left.
You didn't know any spells.
Your spell library was empty.

Dungeon Overview and Level Annotations

Branches:
Dungeon (2/15)

Altars:


Innate Abilities, Weirdness & Mutations

You reflexively headbutt those who attack you in melee.
You have a pair of horns on your head.


Message History

You are too injured to fight recklessly!
You are too injured to fight recklessly!
You are too injured to fight recklessly!
You are too injured to fight recklessly!
You are too injured to fight recklessly!
You are too injured to fight recklessly!
It was a potion of resistance.
You feel protected.
You hit the gnoll.
The gnoll is almost dead.
The gnoll barely misses you. You block the gnoll's attack.
You hit the gnoll but do no damage.
The gnoll is almost dead.
You block the gnoll's attack. x2
You thump the gnoll!
You kill the gnoll!
Your Maces & Flails skill increases to level 4!
You block the gnoll's attack. The gnoll hits you with a +0 halberd.
You die...

#########...#### .#
##)>.### .# #..)...#
.# #....#.#
.#######......#
.....#........####
.###.#.#.##......
.###.#.#.......####
#......÷....>...@.#
#.##.#.#.....#.##g#
#.##÷#.......#......
.....#####.###.##.#.#
#.##.# #.# #.# .....
#.##.# #.# #.# ##>..♣
..##.# #.# #.# ....
.###.# ###.###.. ###
....)# #...[.#


You could see a gnoll.

Vanquished Creatures
  2 gnolls (D:2)
  7 bats
  4 giant cockroaches (D:1)
  6 goblins
  3 hobgoblins
  3 jackals (D:2)
  3 kobolds
  3 rats
31 creatures vanquished.

Notes
Turn   | Place    | Note
-------+----------+-------------------------------------------
     0 | D:1      | krpopo the Minotaur Fighter began the quest for the Orb.
     0 | D:1      | Reached XP level 1. HP: 19/19 MP: 0/0
   277 | D:1      | Reached XP level 2. HP: 27/27 MP: 1/1
   748 | D:2      | Reached XP level 3. HP: 33/34 MP: 2/2
   876 | D:2      | Slain by a gnoll

Illustrated notes

Levels and vault maps discovered:
D:1:      minmay_arrival_shattered_statue, layout_basic, minmay_misc_feat_tiny
D:2:      layout_loops_cross, regret_index_temple_of_mockery,
          lemuel_doored_altar, first_ration, nrook_campfire, elyvilon_altar_4

Skill      XL: |  1  2  3 |
---------------+----------+-----
Fighting       | 4 |  4.6
Maces & Flails | 3 4 |  4.0
Armour         | |  3.6
Shields        | |  3.6

Action                   || total
-------------------------++-------
Melee: Flail             ||    73
       Headbutt          ||    13
  Use: Potion            ||     1
Armor: Scale mail        ||    39
Dodge: Dodged            ||    23
Block: Kite shield       ||    35
